 Dungeon Crawl Stone Soup version 0.30-a0-393-g54b8e3be05 (webtiles) character file.

Game seed: 12966325573604532958

342 NinjaNoafa the Shooter (level 6, -2/32 HPs)
             Began as a Spriggan Hunter on Dec 5, 2022.
             Was an Initiate of Fedhas.
             Killed from afar by a white imp (13 damage)
             ... with a puff of frost
             ... on level 4 of the Dungeon.
             The game lasted 00:06:13 (3068 turns).

NinjaNoafa the Shooter (Spriggan Hunter)            Turns: 3068, Time: 00:06:14

Health: -2/32      AC:  3    Str:  7    XL:     6   Next: 30%
Magic:  7/7        EV: 20    Int: 10    God:    Fedhas [......]
Gold:   164        SH:  0    Dex: 21    Spells: 5/5 levels left

rFire   . . .      SeeInvis +    a - +0 shortbow
rCold   . . .      Faith    .    (shield currently unavailable)
rNeg    . . .      Spirit   .    c - +0 robe
rPois   .          Reflect  .    (helmet restricted)
rElec   .          Harm     .    f - +0 cloak
rCorr   .          Rampage  .    (gloves unavailable)
Will    +....                    (boots unavailable)
Stlth   +++.......               (no amulet)
HPRegen 0.25/turn                (no ring)
MPRegen 0.10/turn                (no ring)

@: very quick
A: very small, no large weapons, unfitting armour, see invisible, speed 3
a: Renounce Religion


You were on level 4 of the Dungeon.
You worshipped Fedhas.
Fedhas was noncommittal.
You visited 1 branch of the dungeon, and saw 4 of its levels.

You collected 164 gold pieces.

Inventory:

Hand Weapons
 a - a +0 shortbow (weapon)
 h - a +2 dagger of flaming
Missiles
 e - 36 stones
Armour
 c - a +0 robe (worn)
 f - a +0 cloak (worn)
 q - a +2 kite shield
Jewellery
 p - an amulet of reflection
Scrolls
 b - a scroll of immolation
 d - a scroll of vulnerability {unknown}
 g - 2 scrolls of teleportation {unknown}
 i - 2 scrolls of enchant armour {unknown}
 o - a scroll of torment {unknown}
 r - 2 scrolls of enchant weapon {unknown}
 s - a scroll of blinking {unknown}
Potions
 j - 2 potions of flight {unknown}
 k - 2 potions of curing {unknown}
 l - 3 potions of mutation {unknown}
 m - a potion of cancellation {unknown}
 n - a potion of heal wounds {unknown}
 t - a potion of haste {unknown}


   Skills:
 + Level 3.0 Fighting
 + Level 5.1 Ranged Weapons
 + Level 4.9 Dodging
 + Level 5.1 Stealth


You had 5 spell levels left.
You didn't know any spells.
Your spell library contained the following spells:

 Spells                   Type           Power      Damage    Failure   Level
 Apportation              Tloc           0%         N/A       36%         1
 Necrotise                Necr           0%         1d4       36%         1
 Slow                     Hex            0%         N/A       36%         1
 Summon Small Mammal      Summ           0%         N/A       36%         1
 Confusing Touch          Hex            0%         N/A       75%         3
 Vampiric Draining        Necr           0%         2d6       75%         3


Dungeon Overview and Level Annotations

Branches:
Dungeon (4/15)
 Temple: D:4-7

Altars:
Fedhas
The Shining One

Shops:
D:1 (


Innate Abilities, Weirdness & Mutations

You are very small and have problems with some larger weapons.
You are too small for most types of armour.
You have supernaturally acute eyesight. (SInv)
You cover ground extremely quickly. (Speed+++)


Message History

The white imp closely misses you.
You hit the white imp but do no damage.
The white imp is severely wounded.
The white imp gestures at you. The puff of frost misses you.
You hit the white imp but do no damage.
The white imp is severely wounded.
The white imp closely misses you.
You closely miss the white imp.
The white imp is severely wounded.
The white imp puffs mist at you. The white imp gestures at you.
The puff of frost hits you!
* * * LOW HITPOINT WARNING * * *
You hit the white imp but do no damage.
The white imp is severely wounded.
The white imp gestures at you. The puff of frost misses you.
The white imp gestures at you. The puff of frost misses you.
The white imp gestures at you. The puff of frost misses you.
You see here a +0 trident.
Your +2 dagger of flaming stops flaming.
a - a +0 shortbow (weapon)
There is an escape hatch in the floor here.
You are too injured to fight recklessly!
You are too injured to fight recklessly!
Fire: a) +0 shortbow
Press: ? - help, Q - select action, (/) - cycle Shift-Dir - straight line, f - white imp
Aim: a white imp (severely wounded, 65% to hit)
You shoot an arrow. The arrow barely misses the white imp.
Fire: a) +0 shortbow
Press: ? - help, Q - select action, (/) - cycle Shift-Dir - straight line, f/p - white imp
Aim: a white imp (severely wounded, 65% to hit)
You shoot an arrow. The arrow barely misses the white imp.
The white imp gestures at you. The puff of frost hits you!
You die...
Fedhas appreciates your contribution to the ecosystem.

# #...........#
. ####.>.......#
#
.##............#
....##.........#
>........5.....#
.......).......#
...............#
..$............#
..............@#
###............#
#.....######.#
#...$.. ..#
#.....# ###


You could see a white imp.

Vanquished Creatures
  A necrophage (D:4)
  2 wights
  A hound (D:3)
  A jelly (D:4)
  2 gnolls (D:3)
  3 adders
  2 worms
  A dart slug (D:2)
  An orc (D:3)
  2 ball pythons
  9 endoplasms
  9 goblins
  9 hobgoblins
  2 jackals (D:1)
  6 kobolds
  10 bats
  5 frilled lizards
  4 rats
70 creatures vanquished.

Notes
Turn   | Place    | Note
-------+----------+-------------------------------------------
     0 | D:1      | NinjaNoafa the Spriggan Hunter began the quest for the Orb.
     0 | D:1      | Reached XP level 1. HP: 10/10 MP: 2/2
   181 | D:1      | Reached XP level 2. HP: 15/15 MP: 3/3
   511 | D:1      | Reached XP level 3. HP: 18/18 MP: 4/4
   689 | D:1      | Found Qeutawn's Antique Weapon Emporium.
   930 | D:2      | Found a faded altar of an unknown god.
  1694 | D:2      | Reached XP level 4. HP: 23/23 MP: 5/5
  2152 | D:3      | Found a blossoming altar of Fedhas.
  2334 | D:3      | Became a worshipper of Fedhas Madash
  2549 | D:4      | Found a glowing golden altar of the Shining One.
  2571 | D:4      | Reached XP level 5. HP: 27/27 MP: 6/6
  2854 | D:3      | Reached skill level 5 in Ranged Weapons
  2915 | D:4      | Reached XP level 6. HP: 32/32 MP: 7/7
  2976 | D:4      | Reached skill level 5 in Stealth
  3068 | D:4      | Killed from afar by a white imp

Illustrated notes

Levels and vault maps discovered:
D:1:      dpeg_arrival_boxorama, layout_basic, serial_shops,
          nicolae_lakefront_shop
D:2:      layout_loops_corners, shapermc_ecumenical_altar_pompeii
D:3:      layout_loops_ring, fedhas_altar_4, minmay_splitting_lines
D:4:      layout_basic, mainiacjoe_overflow_chevrons, lemuel_crystal_altar,
          minmay_fire_ice_demons, uniq_grinder

Skill      XL: |  1  2  3  4  5  6 |
---------------+-------------------+-----
Stealth        | 2 3 4 5 |  5.1
Dodging        | 3 4 |  4.9
Fighting       | 2 3 |  3.0
Ranged Weapons | 5 |  5.1

Action                   |  1- 3 |  4- 6 || total
-------------------------+-------+-------++-------
Melee: Dagger            |       |     6 ||     6
 Fire: Shortbow          |   106 |   100 ||   206
Armor: Robe              |     3 |     2 ||     5
Dodge: Dodged            |    10 |    28 ||    38

Table legend: (Time is in decaauts)
 A = Elapsed time spent in this place.
 B = Non-inter-level travel time spent in this place.
 C = Inter-level travel time spent in this place.
 D = Time resting spent in this place.
 E = Time spent auto-exploring this place.
 F = Levels seen in this place.
 G = Mean time per level.
                   A        B        C        D        E       F      G
               +--------+--------+--------+--------+--------+-----+--------+
         Total |   2090 |   1971 |    119 |    145 |   1251 |   4 |  522.5 |
       Dungeon |   2090 |   1971 |    119 |    145 |   1251 |   4 |  522.5 |
               +--------+--------+--------+--------+--------+-----+--------+

Top non-repeatable levels by time:
     D:2: 716 daAuts
     D:3: 657 daAuts
     D:1: 545 daAuts
     D:4: 171 daAuts
